[Event "ICCopen2017"]
[Site "Internet Chess Club"]
[Date "2017.03.25"]
[Round "3"]
[White "caifaz"]
[Black "ARMCOMPOSER"]
[Result "0-1"]
[ICCResult "White resigns"]
[WhiteElo "1895"]
[BlackElo "2984"]
[Opening "Caro-Kann defense"]
[ECO "B10"]
[NIC "CK.01"]
[Time "14:28:04"]
[TimeControl "180+0"]

1. e4 c6 2. g3 d5 3. exd5 cxd5 4. Bg2 Nc6 5. d4 Bf5 6. Nf3 e6 7. O-O Nf6 8.
c3 Be7 9. Bf4 O-O 10. Nbd2 b5 11. Qe2 b4 12. Rfc1 bxc3 13. bxc3 Ba3 14. Rd1
Bb2 15. Ne5 Nxe5 16. dxe5 Bxa1 17. exf6 Bxc3 18. fxg7 Bxg7 19. Nf3 Rc8 20.
h4 Rc2 21. Qe3 Rxa2 22. h5 Qa5 23. h6 Ra1 24. Rxa1 Qxa1+ 25. Kh2 Bf6 26. Bg5
a5 27. Bh3 Bxh3 28. Kxh3 Kh8 29. Qf4 Bxg5 30. Nxg5 Qh1+ 31. Kg4 f5+
{White resigns}
0-1

[Event "ICCopen2017"]
[Site "Internet Chess Club"]
[Date "2017.03.25"]
[Round "3"]
[White "ZavenGrozny"]
[Black "Sertoespj"]
[Result "1-0"]
[ICCResult "Black checkmated"]
[WhiteElo "3136"]
[BlackElo "2305"]
[Opening "Sicilian: modern Scheveningen, main line with Nb3"]
[ECO "B45"]
[NIC "SI.39"]
[Time "14:28:37"]
[TimeControl "180+0"]

1. e4 c5 2. Nf3 e6 3. d4 cxd4 4. Nxd4 Nc6 5. Nc3 d6 6. Be3 Nf6 7. Be2 Be7 8.
O-O O-O 9. f4 Bd7 10. Nb3 a6 11. a4 Rc8 12. a5 Qc7 13. Bb6 Qb8 14. Bf3 Nb4
15. Qd2 Bd8 16. Rad1 Bxb6+ 17. axb6 d5 18. e5 Ne8 19. Ne2 Nc6 20. c4 dxc4
21. Nc5 Rd8 22. Nxd7 Qc8 23. Bxc6 Qxc6 24. f5 exf5 25. Nc3 g6 26. Qd5 Qc8
27. Qc5 Qa8 28. Qxf8# {Black checkmated} 1-0

[Event "ICCopen2017"]
[Site "Internet Chess Club"]
[Date "2017.03.25"]
[Round "3"]
[White "Mephisto521"]
[Black "Colombiano07"]
[Result "0-1"]
[ICCResult "White resigns"]
[WhiteElo "1619"]
[BlackElo "1992"]
[Opening "QGD: Grau (Sahovic) defense"]
[ECO "D06"]
[NIC "QP.08"]
[Time "14:29:11"]
[TimeControl "180+0"]

1. d4 d5 2. c4 Bf5 3. Nc3 e6 4. Nf3 c6 5. Bg5 Nf6 6. c5 Nbd7 7. Ne5 Be7 8.
Nxd7 Nxd7 9. Bf4 O-O 10. e3 b6 11. Bd3 Bxd3 12. Qxd3 bxc5 13. dxc5 Nxc5 14.
Qc2 Qb6 15. O-O Bf6 16. Rab1 e5 17. Bg3 Rab8 18. b4 Ne6 19. a3 Qa6 20. Ne2
Rbc8 21. Nc3 Qxa3 22. Ra1 Qxb4 23. Rxa7 Qc4 24. Qd2 Nc5 25. Ra4 Nxa4
{White resigns}
0-1

[Event "ICCopen2017"]
[Site "Internet Chess Club"]
[Date "2017.03.25"]
[Round "3"]
[White "pehuensur"]
[Black "Chaos23"]
[Result "0-1"]
[ICCResult "White resigns"]
[WhiteElo "1465"]
[BlackElo "1909"]
[Opening "Sicilian: O'Kelly variation"]
[ECO "B28"]
[NIC "SI.43"]
[Time "14:27:37"]
[TimeControl "180+0"]

1. e4 c5 2. Nf3 a6 3. d4 cxd4 4. Nxd4 e5 5. Nb3 Nf6 6. Nc3 Bb4 7. f3 d5 8.
exd5 Nxd5 9. Bd2 Bxc3 10. Bxc3 Nxc3 11. Qxd8+ Kxd8 12. bxc3 Be6 13. O-O-O+
Kc7 14. Kb2 b6 15. Be2 Nc6 16. Rd2 b5 17. Rhd1 Rad8 18. Rxd8 Rxd8 19. Rxd8
Nxd8 20. Nd2 Nc6 21. Ne4 f6 22. Nc5 Bc8 23. Nd3 Kd6 24. Nb4 Ne7 25. c4 a5
26. Nd5 Nxd5 27. cxd5 b4 28. Bc4 Bb7 29. c3 Bxd5 30. Bxd5 Kxd5 31. cxb4 axb4
32. Kb3 Kc5 33. g3 f5 34. a3 bxa3 35. Kxa3 Kd4 36. Kb3 Ke3 {White resigns}
0-1

[Event "ICCopen2017"]
[Site "Internet Chess Club"]
[Date "2017.03.25"]
[Round "3"]
[White "Knight-Rookie"]
[Black "presbyter4"]
[Result "0-1"]
[ICCResult "White checkmated"]
[WhiteElo "1235"]
[BlackElo "1781"]
[Opening "Scandinavian (center counter) defense"]
[ECO "B01"]
[NIC "SD.01"]
[Time "14:27:48"]
[TimeControl "180+0"]

1. e4 d5 2. exd5 Qxd5 3. Nc3 Qa5 4. Nf3 Bg4 5. a3 Nf6 6. b4 Nc6 7. bxa5 Nxa5
8. h3 Bh5 9. g4 Bg6 10. Bg2 O-O-O 11. O-O Nc4 12. d3 e5 13. Nxe5 Nxe5 14.
Rb1 c6 15. Qe2 Bd6 16. Ne4 Bc7 17. Nxf6 gxf6 18. Bf4 Rhe8 19. Qd2 h5 20.
Bxe5 fxe5 21. gxh5 Bxh5 22. Qb4 b6 23. Bxc6 Re6 24. Bb5 Bf3 25. Qh4 Rg8+ 26.
Kh2 Rg2+ 27. Kh1 Rg4+ 28. Kh2 Rxh4 29. Rg1 Reh6 30. Rg8+ Kb7 31. Rg3 e4 32.
dxe4 Bxg3+ 33. fxg3 Rxh3+ 34. Kg1 Rxg3+ 35. Kf2 Rhh3 36. e5 Bd5 37. Rd1 Be6
38. Rd6 Rf3+ 39. Ke2 Re3+ 40. Kf2 Rxe5 41. Bc6+ Kc7 42. Rd3 Kxc6 43. Rxh3
Rc5 44. Rh6 Rxc2+ 45. Ke3 Rc3+ 46. Kf4 Rxa3 47. Ke5 Rd3 48. Kf6 a5 49. Ke7
b5 50. Rh2 b4 51. Rc2+ Kb5 52. Kf6 b3 53. Rb2 a4 54. Ke5 a3 55. Rxb3+ Rxb3
56. Ke4 a2 57. Kf4 a1=Q 58. Kg5 Rf3 59. Kh6 Qh1+ 60. Kg7 Qg1+ 61. Kf8 f5 62.
Ke7 Bc4 63. Kd6 f4 64. Kc7 Rg3 65. Kb7 f3 66. Kc7 f2 67. Kd7 f1=Q 68. Kd6
Qf6+ 69. Kc7 Rg7+ 70. Kc8 Qf8# {White checkmated} 0-1

[Event "ICCopen2017"]
[Site "Internet Chess Club"]
[Date "2017.03.25"]
[Round "3"]
[White "grels"]
[Black "TrendFriend"]
[Result "0-1"]
[ICCResult "White resigns"]
[WhiteElo "1732"]
[BlackElo "2382"]
[Opening "English: symmetrical variation"]
[ECO "A34"]
[NIC "EO.64"]
[Time "14:27:03"]
[TimeControl "180+0"]

1. c4 c5 2. Nc3 Nf6 3. Nf3 b6 4. d4 cxd4 5. Nxd4 Bb7 6. Nc2 e6 7. Bg5 Be7 8.
e3 O-O 9. h4 d6 10. Qd3 Nbd7 11. O-O-O a6 12. Kb1 Rc8 13. f3 Qc7 14. e4 Ne5
15. Qd2 Nxc4 16. Bxc4 Qxc4 17. Ne3 Qc7 18. Rc1 Qb8 19. h5 h6 20. Bf4 Rfd8
21. g4 Nd7 22. Nf1 Bf8 23. Ng3 Ne5 24. Qe2 b5 25. Bxe5 dxe5 26. Qe3 Be7 27.
Rcd1 Qc7 28. Qe2 Rd4 29. Qf2 Bc5 30. Qe2 Rcd8 31. Rxd4 exd4 32. Nd1 Qxg3 33.
Qd3 e5 34. a3 Bc8 35. Qb3 Be6 36. Qc2 Qxf3 37. Re1 Qxg4 38. Ka1 Rc8
{White resigns}
0-1

[Event "ICCopen2017"]
[Site "Internet Chess Club"]
[Date "2017.03.25"]
[Round "3"]
[White "Gruble"]
[Black "iamGodskid"]
[Result "1-0"]
[ICCResult "Black resigns"]
[WhiteElo "1718"]
[BlackElo "1319"]
[Opening "Robatsch defense: Pseudo-Austrian attack"]
[ECO "A00"]
[NIC "PU.05"]
[Time "14:27:32"]
[TimeControl "180+0"]

1. Nc3 d6 2. e4 g6 3. d4 Bg7 4. f4 Nf6 5. Nf3 Bg4 6. h3 Nc6 7. hxg4 Nxg4 8.
e5 dxe5 9. fxe5 Qd7 10. Bb5 Qf5 11. Qd3 Qxd3 12. Bxd3 O-O-O 13. Ng5 f6 14.
Nf7 Rdf8 15. Nxh8 Bxh8 16. exf6 Nxf6 17. d5 Nd4 18. Be3 Ng4 19. Bg1 b6 20.
O-O-O Nf5 21. Bxf5+ Rxf5 22. Rxh7 Bf6 23. Ne4 Ne5 24. Nxf6 exf6 25. d6 cxd6
26. Rxd6 Nc4 27. Rc6+ {Black resigns} 1-0

[Event "ICCopen2017"]
[Site "Internet Chess Club"]
[Date "2017.03.25"]
[Round "3"]
[White "BurninggIce"]
[Black "halski"]
[Result "0-1"]
[ICCResult "White resigns"]
[WhiteElo "1861"]
[BlackElo "2407"]
[Opening "Nimzo-Indian: Kmoch variation"]
[ECO "E20"]
[NIC "NI.30"]
[Time "14:27:44"]
[TimeControl "180+0"]

1. d4 Nf6 2. c4 e6 3. Nc3 Bb4 4. f3 d5 5. a3 Bd6 6. e3 O-O 7. Bd3 c5 8. Nge2
Nc6 9. O-O b6 10. Kh1 cxd4 11. exd4 dxc4 12. Bxc4 Bb7 13. Bg5 Be7 14. Ba2
Rc8 15. Qd2 Nd5 16. Nxd5 Bxg5 17. f4 Bh6 18. Ndc3 Qh4 19. Qd3 Rfd8 20. Rad1
g6 21. Qb1 Ne7 22. Qd3 Bg7 23. Qb5 Nf5 24. Rd3 Nxd4 25. Nxd4 Bxd4 26. Rfd1
Bxc3 27. bxc3 Rxd3 28. Qxd3 Qf2 29. Qh3 Qxa2 {White resigns} 0-1

[Event "ICCopen2017"]
[Site "Internet Chess Club"]
[Date "2017.03.25"]
[Round "3"]
[White "RnZ"]
[Black "gladiator46"]
[Result "1-0"]
[ICCResult "Black checkmated"]
[WhiteElo "2012"]
[BlackElo "1611"]
[Opening "Réti opening"]
[ECO "A05"]
[NIC "QP.11"]
[Time "14:27:41"]
[TimeControl "180+0"]

1. Nf3 Nf6 2. g3 c6 3. Bg2 d5 4. d3 e6 5. O-O Bc5 6. b3 Qb6 7. Bb2 Be7 8.
Nbd2 Nbd7 9. c4 c5 10. d4 O-O 11. cxd5 exd5 12. dxc5 Bxc5 13. e3 Rd8 14. Nd4
a6 15. Rc1 Re8 16. a3 Ne5 17. Qe2 Bd7 18. b4 Bf8 19. N4b3 Rac8 20. Bd4 Qd8
21. Nc5 Bc6 22. Bh3 Rc7 23. Bg2 h6 24. Rfe1 Bd6 25. Nf3 Nxf3+ 26. Bxf3 Be7
27. Qd3 Bb5 28. Qd2 Qc8 29. a4 Bc6 30. Rb1 Bxc5 31. bxc5 Bxa4 32. Bxf6 gxf6
33. Qd4 Re5 34. Qxa4 Rxc5 35. Qd4 b5 36. Qd2 Qc7 37. Rec1 Kg7 38. Rxc5 Qxc5
39. Rc1 Qd6 40. Qd4 Re7 41. Qg4+ Kh8 42. Rc8+ Kh7 43. Qg8# {Black
checkmated} 1-0

[Event "ICCopen2017"]
[Site "Internet Chess Club"]
[Date "2017.03.25"]
[Round "3"]
[White "beaupre"]
[Black "manitodeplomo"]
[Result "0-1"]
[ICCResult "White resigns"]
[WhiteElo "1757"]
[BlackElo "2484"]
[Opening "Sicilian: closed"]
[ECO "B23"]
[NIC "SI.44"]
[Time "14:28:06"]
[TimeControl "180+0"]

1. e4 c5 2. Nc3 e6 3. f4 a6 4. Nf3 b5 5. g3 Bb7 6. d3 b4 7. Ne2 d6 8. Bg2
Nd7 9. O-O a5 10. Qe1 Ngf6 11. Kh1 c4 12. Neg1 cxd3 13. cxd3 Rc8 14. Nh3 Rc2
15. Nd4 Rc8 16. f5 e5 17. Nf3 h6 18. Be3 Be7 19. Rc1 O-O 20. Qe2 d5 21. Nd2
d4 22. Bxh6 gxh6 23. g4 Nh7 24. Nf3 Ng5 25. Nh4 Nxh3 26. Bxh3 Bxh4 27. g5
Bxg5 28. Qh5 Rxc1 29. Rxc1 Bxc1 30. f6 Qxf6 31. Bf5 Qg5 32. Qf3 Be3 33. Qf1
Nf6 {White resigns} 0-1

[Event "ICCopen2017"]
[Site "Internet Chess Club"]
[Date "2017.03.25"]
[Round "3"]
[White "Indiana-Jones"]
[Black "cool64chess"]
[Result "0-1"]
[ICCResult "White resigns"]
[WhiteElo "2747"]
[BlackElo "2155"]
[Opening "Queen's bishop game"]
[ECO "D02"]
[NIC "QP.09"]
[Time "14:28:11"]
[TimeControl "180+0"]

1. Nf3 d5 2. d4 Nf6 3. Bf4 e6 4. e3 Bd6 5. Bg3 O-O 6. c4 dxc4 7. Bxc4 b6 8.
Nc3 Bb7 9. O-O Bxg3 10. hxg3 Nbd7 11. Qe2 c5 12. Rfd1 Qe7 13. Ba6 Bxa6 14.
Qxa6 cxd4 15. Nxd4 Nc5 16. Qa3 Rac8 17. Rac1 Rfd8 18. b4 Nce4 19. Ncb5 a5
20. bxa5 Qxa3 21. Nxa3 bxa5 22. Nc6 Rxd1+ 23. Rxd1 Kf8 24. Nxa5 Nc3 25. Rd2
Nce4 26. Rd1 Nc3 27. Ra1 Nxa2 28. Rxa2 Rc1+ 29. Kh2 Ng4+ 30. Kh3 f5 31. Kh4
h6 32. Kh5 Kf7 {White resigns} 0-1

[Event "ICCopen2017"]
[Site "Internet Chess Club"]
[Date "2017.03.25"]
[Round "3"]
[White "Theunrock"]
[Black "concrete"]
[Result "0-1"]
[ICCResult "White resigns"]
[WhiteElo "1682"]
[BlackElo "2074"]
[Opening "Dunst (Sleipner, Heinrichsen) opening"]
[ECO "A00"]
[NIC "VO.15"]
[Time "14:27:45"]
[TimeControl "180+0"]

1. Nc3 d5 2. d3 Nf6 3. f4 g6 4. Nf3 Bg7 5. g3 O-O 6. Bg2 c5 7. O-O d4 8. Ne4
Nd5 9. Bd2 b6 10. Qc1 Bb7 11. c4 Nc7 12. Nh4 Nd7 13. b4 f5 14. Ng5 Bxg2 15.
Nxg2 h6 16. Nf3 e5 17. fxe5 g5 18. bxc5 bxc5 19. Qa3 Ne6 20. Ba5 Qc8 21. e3
Nxe5 22. Nxe5 Bxe5 23. Rae1 Qc6 24. Bd2 dxe3 25. Nxe3 Bd4 26. Rf2 f4 27.
gxf4 Nxf4 {White resigns} 0-1

[Event "ICCopen2017"]
[Site "Internet Chess Club"]
[Date "2017.03.25"]
[Round "3"]
[White "searchforbobby1"]
[Black "TeddyBear"]
[Result "1-0"]
[ICCResult "Black resigns"]
[WhiteElo "1881"]
[BlackElo "1555"]
[Opening "Caro-Kann: Tartakower (fantasy) variation"]
[ECO "B12"]
[NIC "CK.02"]
[Time "14:28:27"]
[TimeControl "180+0"]

1. e4 c6 2. d4 d5 3. f3 dxe4 4. fxe4 e5 5. Nf3 Bg4 6. Bc4 f6 7. c3 exd4 8.
O-O dxc3 9. Qb3 Nh6 10. Bxh6 gxh6 11. Bf7+ Ke7 12. Nxc3 Qb6+ 13. Kh1 Qxb3
14. Bxb3 Nd7 15. Nd4 Kd6 16. h3 Bh5 17. g4 Bg6 18. Rad1 Kc7 19. Ne6+ Kb6 20.
Rxd7 Re8 21. Nc7 Re7 22. Rxe7 Bxe7 23. N7d5+ {Black resigns} 1-0

[Event "ICCopen2017"]
[Site "Internet Chess Club"]
[Date "2017.03.25"]
[Round "3"]
[White "sonofmarabu"]
[Black "nadalthegreat"]
[Result "0-1"]
[ICCResult "White resigns"]
[WhiteElo "1693"]
[BlackElo "2004"]
[Opening "Giuoco Piano"]
[ECO "C54"]
[NIC "IG.02"]
[Time "14:27:46"]
[TimeControl "180+0"]

1. e4 e5 2. Nf3 Nc6 3. Bc4 Bc5 4. c3 Nf6 5. d3 h6 6. Nbd2 d6 7. O-O O-O 8.
h3 Be6 9. Bb5 Nd7 10. Re1 f5 11. Nf1 f4 12. d4 exd4 13. cxd4 Bb4 14. d5 a6
15. Ba4 Bxe1 16. dxe6 Nc5 17. Bxc6 Bxf2+ 18. Kxf2 bxc6 19. Qc2 Qf6 20. Kg1
Qxe6 21. N1d2 Rae8 22. b3 Nxe4 23. Nxe4 Qxe4 24. Qxe4 Rxe4 25. Bb2 Re2 26.
Bc3 Rfe8 27. Nd4 R2e3 28. Rc1 c5 29. Nf3 Re2 30. Re1 Rxe1+ 31. Nxe1 Re2 32.
a4 d5 33. Kf1 Ra2 34. Be5 c6 35. Bxf4 c4 36. bxc4 Rxa4 37. cxd5 Rxf4+ 38.
Nf3 Rxf3+ 39. gxf3 cxd5 40. Ke2 Kf7 41. Kd3 Ke6 42. Kd4 Kf5 43. Kxd5 Kf4 44.
Kc4 Kxf3 45. h4 Kg4 46. h5 Kxh5 47. Kb4 Kg5 48. Ka4 h5 49. Ka5 h4 50. Kxa6
h3 51. Kb5 h2 {White resigns} 0-1

[Event "ICCopen2017"]
[Site "Internet Chess Club"]
[Date "2017.03.25"]
[Round "3"]
[White "dani123xx"]
[Black "EGK"]
[Result "0-1"]
[ICCResult "White resigns"]
[WhiteElo "1523"]
[BlackElo "1932"]
[Opening "Alekhine's defense: Scandinavian variation"]
[ECO "B01"]
[NIC "VO.17"]
[Time "14:28:25"]
[TimeControl "180+0"]

1. e4 d5 2. Nc3 Nf6 3. e5 d4 4. exf6 dxc3 5. fxg7 cxd2+ 6. Qxd2 Qxd2+ 7.
Bxd2 Bxg7 8. O-O-O Be6 9. Kb1 Nd7 10. Bd3 O-O-O 11. Be3 Ne5 12. Ne2 Nxd3 13.
cxd3 Bf5 14. Kc2 Rd7 15. Rd2 Rhd8 16. Rhd1 e5 17. Ng3 Bg6 18. Ne4 f5 19. Nc5
f4 20. Bxf4 exf4 21. Nxd7 Rxd7 22. Re1 c5 23. Re5 Bxe5 {White resigns} 0-1

[Event "ICCopen2017"]
[Site "Internet Chess Club"]
[Date "2017.03.25"]
[Round "3"]
[White "marcos610"]
[Black "ROWLAND"]
[Result "0-1"]
[ICCResult "White resigns"]
[WhiteElo "1160"]
[BlackElo "1486"]
[Opening "Philidor: exchange variation"]
[ECO "C41"]
[NIC "KP.08"]
[Time "14:28:42"]
[TimeControl "180+0"]

1. e4 e5 2. Nf3 d6 3. d4 exd4 4. Nxd4 Nf6 5. Bd3 Be7 6. Nc3 O-O 7. Be3 d5 8.
e5 c5 9. exf6 Bxf6 10. Ndb5 d4 11. Bf4 dxc3 12. Nc7 cxb2 13. Rb1 Bc3+ 14.
Kf1 Be6 15. Nxe6 fxe6 16. Qh5 Rxf4 17. Qxh7+ Kf8 18. Qh8+ Ke7 19. Qxg7+ Bxg7
{White resigns}
0-1

[Event "ICCopen2017"]
[Site "Internet Chess Club"]
[Date "2017.03.25"]
[Round "3"]
[White "Zelos"]
[Black "JUGGERNOT"]
[Result "1-0"]
[ICCResult "Black checkmated"]
[WhiteElo "2411"]
[BlackElo "1821"]
[Opening "Scandinavian defense"]
[ECO "B01"]
[NIC "SD.03"]
[Time "14:27:25"]
[TimeControl "180+0"]

1. e4 d5 2. exd5 Nf6 3. Nf3 Nxd5 4. d4 Bg4 5. h3 Bh5 6. c4 Nf6 7. Nc3 c6 8.
Be2 e6 9. O-O Bd6 10. Be3 Nbd7 11. Qb3 Qc7 12. Rfe1 O-O 13. Rac1 Qb8 14. a4
a5 15. Qc2 Bb4 16. c5 Bg6 17. Qb3 Nd5 18. Nxd5 exd5 19. Red1 Nf6 20. Ne5 Ne4
21. Nxg6 hxg6 22. Bf3 f5 23. g3 Qd8 24. Bf4 g5 25. Be5 Kh7 26. Qd3 g6 27.
Kg2 Kh6 28. Rh1 Nd2 29. Be2 Nc4 30. Rxc4 dxc4 31. Qxc4 Qd5+ 32. Qxd5 cxd5
33. h4 g4 34. Bb5 Bd2 35. Rd1 Bb4 36. Rd3 g5 37. hxg5+ Kxg5 38. Re3 Rad8 39.
Bf4+ Kg6 40. Re6+ Rf6 41. Re7 Rf7 42. Be8 Rxe8 43. Rxe8 Kf6 44. Be5+ Kg6 45.
Kf1 Rd7 46. Re6+ Kg5 47. Bf4+ Kh5 48. Rh6# {Black checkmated} 1-0

[Event "ICCopen2017"]
[Site "Internet Chess Club"]
[Date "2017.03.25"]
[Round "3"]
[White "Sibelephant"]
[Black "justinchess"]
[Result "1-0"]
[ICCResult "Black resigns"]
[WhiteElo "3058"]
[BlackElo "2274"]
[Opening "Nimzo-Indian: classical variation"]
[ECO "E32"]
[NIC "NI.20"]
[Time "14:29:07"]
[TimeControl "180+0"]

1. d4 Nf6 2. c4 e6 3. Nc3 Bb4 4. Qc2 O-O 5. a3 Bxc3+ 6. Qxc3 b6 7. Bg5 Bb7
8. e3 d6 9. Ne2 Nbd7 10. Qc2 h6 11. Bh4 Qe7 12. Nc3 c5 13. Rd1 Rfd8 14. d5
exd5 15. cxd5 Ne5 16. Be2 a6 17. a4 Ng6 18. Bg3 h5 19. h3 h4 20. Bh2 Rac8
21. O-O c4 22. Rd4 Ne5 23. Rfd1 g5 24. Qf5 Nfd7 25. Ne4 b5 26. Nxg5 f6 27.
Ne6 Re8 28. Rxh4 {Black resigns} 1-0

[Event "ICCopen2017"]
[Site "Internet Chess Club"]
[Date "2017.03.25"]
[Round "3"]
[White "cap78red2point1"]
[Black "majerle"]
[Result "0-1"]
[ICCResult "White checkmated"]
[WhiteElo "1570"]
[BlackElo "1623"]
[Opening "Caro-Kann: classical, Spassky variation"]
[ECO "B18"]
[NIC "CK.10"]
[Time "14:27:03"]
[TimeControl "180+0"]

1. e4 c6 2. d4 d5 3. Nc3 dxe4 4. Nxe4 Bf5 5. Ng3 Bg6 6. Nf3 Nd7 7. h4 h6 8.
h5 Bh7 9. Bf4 Ngf6 10. Bc4 Qb6 11. Bb3 Nd5 12. Bd2 e6 13. Qe2 Bd6 14. Ne4
Bc7 15. Rh4 N7f6 16. O-O-O Nxe4 17. Rxe4 Bxe4 18. Qxe4 O-O 19. c3 Rfe8 20.
Bc2 f5 21. Qh4 Bd8 22. Qh2 Bf6 23. Re1 a5 24. Qd6 Rad8 25. Qg3 Qc7 26. Qg6
Qf7 27. Ne5 Bxe5 28. dxe5 Qxg6 29. hxg6 b5 30. Rh1 Nb6 31. f3 Nc4 32. Bf4
Rd5 33. g4 fxg4 34. fxg4 Nxe5 35. Rh5 Nd3+ 36. Bxd3 Rxd3 37. Rc5 Rf8 38. Be5
Rf2 39. Rxc6 Kf8 40. Bd6+ Ke8 41. Rc8+ Kd7 42. Rc7+ Kxd6 43. Rxg7 Rg3 44.
Rd7+ Kxd7 45. g7 Rg1# {White checkmated} 0-1

[Event "ICCopen2017"]
[Site "Internet Chess Club"]
[Date "2017.03.25"]
[Round "3"]
[White "Marblerevealer"]
[Black "Mercury"]
[Result "1-0"]
[ICCResult "Black forfeits on time"]
[WhiteElo "1758"]
[BlackElo "2128"]
[Opening "King's Indian: London system"]
[ECO "A48"]
[NIC "QP.03"]
[Time "14:27:14"]
[TimeControl "180+0"]

1. d4 Nf6 2. Nf3 g6 3. Bf4 Bg7 4. Nbd2 d6 5. e4 O-O 6. Bc4 c6 7. c3 d5 8.
Bd3 dxe4 9. Nxe4 Nxe4 10. Bxe4 Qb6 11. Rb1 Be6 12. b3 c5 13. O-O cxd4 14.
Nxd4 Rd8 15. Be3 Bd5 16. Qf3 Bxe4 17. Qxe4 Qa6 18. Qxe7 Nd7 19. Bg5 Ne5 20.
a4 Rac8 21. Nb5 h6 22. Be3 Rd7 23. Qh4 g5 24. Qh3 Rcd8 25. Bd4 Ng6 26. Bxg7
Kxg7 27. Nd4 Qa5 28. Nf5+ Kf6 29. Nxh6 Nf4 30. Ng4+ Kg6 31. Qe3 Qxc3 32.
Ne5+ Kf5 33. Nxd7 {Black forfeits on time} 1-0

[Event "ICCopen2017"]
[Site "Internet Chess Club"]
[Date "2017.03.25"]
[Round "3"]
[White "LouiseErdrich"]
[Black "notetengomiedo"]
[Result "0-1"]
[ICCResult "White resigns"]
[WhiteElo "1124"]
[BlackElo "1754"]
[Opening "French defense"]
[ECO "C00"]
[NIC "FR.01"]
[Time "14:27:26"]
[TimeControl "180+0"]

1. e4 e6 2. Nf3 d5 3. exd5 exd5 4. d4 Bg4 5. Be2 Nf6 6. h3 Bh5 7. O-O Bd6 8.
c3 O-O 9. Bg5 Nbd7 10. Nbd2 c6 11. Re1 Qc7 12. Nf1 Rfe8 13. N1h2 Ne4 14. Be3
Ng3 15. Bd3 Ne4 16. Bxe4 Rxe4 17. Qd3 Rae8 18. Ng5 Bxh2+ 19. Kh1 Bg6 20.
Nxe4 Bxe4 21. Qd2 Nf6 22. Bg5 Bd6 23. Bxf6 gxf6 24. Qh6 Re6 25. f3 Bg6 26.
Rxe6 fxe6 27. Re1 Bf4 28. Qh4 Bg3 {White resigns} 0-1

[Event "ICCopen2017"]
[Site "Internet Chess Club"]
[Date "2017.03.25"]
[Round "3"]
[White "DropZone"]
[Black "jefferyx"]
[Result "0-1"]
[ICCResult "White resigns"]
[WhiteElo "2130"]
[BlackElo "2693"]
[Opening "King's Indian: London system"]
[ECO "A48"]
[NIC "QP.03"]
[Time "14:27:20"]
[TimeControl "180+0"]

1. d4 Nf6 2. Nf3 g6 3. Bf4 Bg7 4. e3 O-O 5. h3 b6 6. Be2 Bb7 7. O-O d6 8. c4
Nbd7 9. Nc3 Qe8 10. Rc1 e5 11. Bh2 e4 12. Nd2 Qe7 13. b4 a5 14. a3 Rfd8 15.
Nb3 axb4 16. axb4 Nf8 17. c5 Ne6 18. cxd6 cxd6 19. Nb5 Nd5 20. Bc4 Bf8 21.
Qd2 Qd7 22. Ra1 Rac8 23. Be2 Ra8 24. Rfc1 Bc6 25. Rxa8 Rxa8 26. Qc2 Bxb5 27.
Bxb5 Qxb5 28. Qxe4 Re8 29. Qh4 Nxb4 30. Nd2 Nd3 31. Rb1 Qf5 32. Nf3 Be7 33.
Qh6 Ne5 34. Rxb6 Nxf3+ 35. gxf3 Bg5 36. e4 Qxf3 {White resigns} 0-1

[Event "ICCopen2017"]
[Site "Internet Chess Club"]
[Date "2017.03.25"]
[Round "3"]
[White "nikenwidiartto"]
[Black "ibarra"]
[Result "0-1"]
[ICCResult "White resigns"]
[WhiteElo "1856"]
[BlackElo "2756"]
[Opening "Sicilian: closed"]
[ECO "B23"]
[NIC "SI.44"]
[Time "14:28:53"]
[TimeControl "180+0"]

1. e4 c5 2. Nc3 a6 3. f4 b5 4. d3 Bb7 5. Nf3 e6 6. g3 d5 7. e5 h5 8. Bg2 Ne7
9. O-O Nf5 10. Ne2 d4 11. a4 Nd7 12. axb5 axb5 13. Bd2 Nb6 14. Rxa8 Qxa8 15.
Qa1 Be7 16. Qxa8+ Bxa8 17. Ra1 O-O 18. b3 Nd5 19. Ra7 Bc6 20. b4 cxb4 21.
Ra6 Rc8 22. Nexd4 Nxd4 23. Nxd4 Bc5 24. c3 bxc3 25. Bxd5 Bxd4+ 26. Kf1 Bxd5
{White resigns}
0-1

[Event "ICCopen2017"]
[Site "Internet Chess Club"]
[Date "2017.03.25"]
[Round "3"]
[White "Cantalarrana"]
[Black "mrneale"]
[Result "1-0"]
[ICCResult "Black resigns"]
[WhiteElo "1527"]
[BlackElo "1066"]
[Opening "Ruy Lopez: exchange variation, 5.O-O"]
[ECO "C68"]
[NIC "RL.08"]
[Time "14:27:37"]
[TimeControl "180+0"]

1. e4 e5 2. Nf3 Nc6 3. Bb5 a6 4. Bxc6 dxc6 5. O-O Bg4 6. h3 Bh5 7. g4 Bg6 8.
Nxe5 Bxe4 9. Re1 Nf6 10. d3 Bd5 11. Nxc6+ Be7 12. Nxd8 Rxd8 13. Nc3 Bc6 14.
Bg5 Kd7 15. Rxe7+ Kxe7 16. Qe2+ Kd7 17. Bxf6 gxf6 18. Re1 Rhe8 19. Qd2 Rxe1+
20. Qxe1 Re8 21. Qd1 Rg8 22. Ne4 f5 23. Nf6+ Kc8 24. Nxg8 {Black resigns}
1-0

[Event "ICCopen2017"]
[Site "Internet Chess Club"]
[Date "2017.03.25"]
[Round "3"]
[White "Soulbrother"]
[Black "Mormegil"]
[Result "0-1"]
[ICCResult "White resigns"]
[WhiteElo "1402"]
[BlackElo "1747"]
[Opening "Sicilian defense"]
[ECO "B20"]
[NIC "SI.48"]
[Time "14:28:02"]
[TimeControl "180+0"]

1. e4 c5 2. d3 e6 3. Nf3 d5 4. e5 Nc6 5. Be2 Be7 6. Nc3 f6 7. Bf4 fxe5 8.
Nxe5 Nxe5 9. Bxe5 Nf6 10. Bh5+ g6 11. Bf3 O-O 12. g3 Bd7 13. O-O Bc6 14. d4
cxd4 15. Bxd4 Bd6 16. Bg2 Qe7 17. Re1 Rae8 18. a3 b6 19. Qd2 Bc5 20. Ne2 Ne4
21. Bxe4 dxe4 22. c3 e5 23. Be3 Rd8 24. Qc2 Qf6 25. Rf1 Qf3 26. Qb3+ Bd5 27.
Qc2 Bc4 28. Rae1 Bxe3 29. fxe3 Qxe3+ 30. Kg2 Rxf1 31. Rxf1 Rd2 32. Qa4 Qxe2+
33. Kh3 Qxf1+ 34. Kh4 Qf6+ 35. Kh3 Be6+ 36. g4 Qf3+ {White resigns} 0-1

[Event "ICCopen2017"]
[Site "Internet Chess Club"]
[Date "2017.03.25"]
[Round "3"]
[White "BeerMeUpScotty"]
[Black "cap78red"]
[Result "0-1"]
[ICCResult "White resigns"]
[WhiteElo "1562"]
[BlackElo "1329"]
[Opening "Alekhine's defense"]
[ECO "B03"]
[NIC "AL.09"]
[Time "14:28:23"]
[TimeControl "180+0"]

1. e4 Nf6 2. e5 Nd5 3. d4 d6 4. f4 dxe5 5. fxe5 g6 6. Nf3 Bg7 7. Bc4 Be6 8.
O-O c6 9. Bb3 O-O 10. c4 Nc7 11. Be3 Nba6 12. Nc3 c5 13. Qd2 cxd4 14. Nxd4
Nc5 15. Rad1 Nxb3 16. axb3 Qc8 17. Bh6 Rd8 18. Bxg7 Kxg7 19. Qg5 Qd7 20.
Nf5+ Bxf5 21. Rxd7 Rxd7 22. Rxf5 Ne6 23. Qg3 Nd4 24. Rf1 b5 25. Nxb5 Ne2+
26. Kf2 Nxg3 27. Kxg3 a6 28. Nc3 Rb8 29. Ne4 Rxb3+ 30. Kf2 Rxb2+ 31. Kg3
Rb3+ 32. Kg4 Rd4 33. Re1 Rxc4 34. Kf4 Rbb4 35. Kf3 Rxe4 36. Rxe4 Rxe4 37.
Kxe4 a5 38. Kd4 Kf8 39. Kc4 Ke8 40. Kb5 Kd7 41. Kxa5 Ke6 42. Kb4 Kxe5 43.
Kc3 Ke4 44. Kd2 f5 45. Ke2 f4 46. h3 Kd4 47. Kf3 g5 48. Kg4 e5 49. Kxg5 e4
50. Kxf4 e3 51. Kf3 Kd3 52. g4 e2 53. Kf2 Kd2 54. h4 e1=Q+ 55. Kf3 Qxh4
{White resigns}
0-1